[Event "Titled Tuesday Blitz April 12 Late 2022"]
[White "Zakhartsov, Vladimir"]
[Black "Hardaway, Brewington"]
[WhiteFideId "4145097"]
[BlackFideId "30941849"]
[WhiteElo "2491"]
[BlackElo "1768"]
[Result "1-0"]
[Round "06"]
[TimeControl "180+1"]
[Date "2022.04.12"]
[WhiteClock "0:01:24"]
[BlackClock "0:01:51"]

1. d4 Nf6 2. Nf3 e6 3. Bf4 c5 4. c3 Nc6 5. e3 b6 6. Nbd2 Bb7 7. Bd3 h6 8. h3 d6 9. Qe2 a6 10. O-O Be7 11. a3 g5 12. Bh2 cxd4 13. exd4 Rg8 14. Ne4 Nd5 15. Qd2 f5 16. Ng3 Nf4 17. Bc4 Na5 18. Bxe6 Nxe6 19. d5 Nf4 20. Nxf5 Nb3 21. Qe3 Nxa1 22. Bxf4 gxf4 23. Qe6 Rf8 24. Ng7# 1-0


[Site "https://www.chess.com"]

[Event "Titled Tuesday Blitz April 12 Late 2022"]
[White "Zanette, Edgard Vinicius"]
[Black "Estrada Nieto, Julian"]
[WhiteFideId "2109263"]
[BlackFideId "5101018"]
[WhiteElo "2182"]
[BlackElo "2252"]
[Result "0-1"]
[Round "06"]
[TimeControl "180+1"]
[Date "2022.04.13"]
[WhiteClock "0:00:11"]
[BlackClock "0:00:14"]

1. e4 e5 2. Nf3 Nc6 3. Bb5 a6 4. Ba4 Nf6 5. d3 d6 6. O-O g6 7. c3 Bg7 8. Re1 O-O 9. Nbd2 Bd7 10. Nf1 Qe8 11. Ng3 Nd4 12. Bxd7 Nxf3+ 13. Qxf3 Nxd7 14. Be3 Qe7 15. Rad1 Bf6 16. Bh6 Bg7 17. Bxg7 Kxg7 18. d4 Rae8 19. Qg4 Kh8 20. dxe5 Nxe5 21. Qe2 Qg5 22. Rf1 Qf4 23. Qc2 Ng4 24. h3 Nf6 25. Rfe1 h5 26. Qd2 Qxd2 27. Rxd2 h4 28. Nf1 Rxe4 29. Rxe4 Nxe4 30. Rd4 f5 31. f3 c5 32. Rd5 Nf6 33. Rxd6 Kg7 34. Kf2 Re8 35. Rb6 Re7 36. Ne3 f4 37. Nc4 Nd5 38. Rd6 Ne3 39. Nxe3 fxe3+ 40. Ke2 Kf7 41. Rd3 Kf6 42. Rxe3 Rd7 43. Re4 g5 44. f4 Kf5 45. Re5+ Kxf4 46. Rxc5 Re7+ 47. Kf2 Rd7 48. Rc4+ Kf5 49. Rd4 Rxd4 50. cxd4 Ke4 51. d5 Kxd5 52. Kf3 Ke5 53. Kg4 Kf6 54. g3 hxg3 55. Kxg3 Kf5 56. Kf3 b6 57. Kg3 a5 58. Kf3 b5 59. Kg3 b4 60. Kf3 a4 61. Kg3 a3 62. bxa3 bxa3 63. Kf3 Ke5 64. Kg4 Kf6 65. Kg3 Kf5 66. Kf3 Ke5 67. Kg4 Kf6 68. Kg3 Ke5 69. Kf3 Kd4 70. Kg4 Kc3 71. Kxg5 Kb2 72. h4 Kxa2 73. h5 Kb1 74. h6 a2 75. Kg6 a1=Q 76. h7 Qh8 0-1


[Site "https://www.chess.com"]

[Event "Titled Tuesday Blitz April 12 Late 2022"]
[White "Zherebtsova, Alexandra"]
[Black "Rytenko, Vsevolod"]
[WhiteFideId "24129518"]
[BlackFideId "14133040"]
[WhiteElo "2025"]
[BlackElo "2120"]
[Result "0-1"]
[Round "06"]
[TimeControl "180+1"]
[Date "2022.04.13"]
[WhiteClock "0:00:14"]
[BlackClock "0:02:07"]

1. d4 Nf6 2. Nf3 c5 3. d5 e6 4. Nc3 exd5 5. Nxd5 d6 6. e4 Be7 7. Bb5+ Nc6 8. Nxe7 Qxe7 9. O-O O-O 10. Re1 Bg4 11. h3 Bh5 12. g4 Bg6 13. Bf4 Rad8 14. Nh4 Nd4 15. Nxg6 fxg6 16. Bc4+ Kh8 17. c3 Nxe4 18. cxd4 Rxf4 19. f3 Qh4 20. Rxe4 Qg3+ 21. Kh1 Qxh3+ 22. Kg1 Qg3+ 23. Kh1 Rxf3 24. Bf1 Rf2 0-1


[Site "https://www.chess.com"]

[Event "Titled Tuesday Blitz April 12 Late 2022"]
[White "Akrakan"]
[Black "Friedel, Tom"]
[BlackFideId "2002108"]
[WhiteElo "2164"]
[BlackElo "2382"]
[Result "0-1"]
[Round "07"]
[TimeControl "180+1"]
[Date "2022.04.13"]
[WhiteClock "0:01:47"]
[BlackClock "0:01:54"]

1. e4 c6 2. Nc3 d5 3. Qf3 e6 4. e5 Ne7 5. d4 Nd7 6. Bd2 Qb6 7. O-O-O Qxd4 8. Qg3 Qxe5 9. Bf4 Qf6 10. Bg5 Qg6 11. Bd3 Nf5 12. Qf4 h6 13. g4 Qxg5 14. Qxg5 hxg5 15. gxf5 e5 16. Re1 Bd6 17. Nf3 f6 18. Nd2 Nc5 19. Nb3 Nxd3+ 20. cxd3 Bxf5 0-1


[Site "https://www.chess.com"]

[Event "Titled Tuesday Blitz April 12 Late 2022"]
[White "Aldokhin, Ivan"]
[Black "Nozdrachev, Leonid"]
[WhiteFideId "24115720"]
[BlackFideId "24113433"]
[WhiteElo "2231"]
[BlackElo "2242"]
[Result "1-0"]
[Round "07"]
[TimeControl "180+1"]
[Date "2022.04.13"]
[WhiteClock "0:00:06"]
[BlackClock "0:00:01"]

1. e4 d6 2. Nc3 c5 3. d4 cxd4 4. Qxd4 Nf6 5. Nf3 g6 6. e5 Nc6 7. Bb5 dxe5 8. Qxd8+ Kxd8 9. Bxc6 bxc6 10. Nxe5 Ke8 11. Bg5 Nd7 12. Nxc6 Bb7 13. Nd4 Bg7 14. O-O-O Bxg2 15. Rhe1 Bf6 16. Bh6 a6 17. Ne4 Bxe4 18. Rxe4 Rc8 19. Nb3 e6 20. Ra4 Nb8 21. Bf4 Ke7 22. Bd6+ Ke8 23. Nc5 Be7 24. Nxa6 Bxd6 25. Rxd6 Ke7 26. Rb6 Nxa6 27. Rbxa6 Rhd8 28. Ra7+ Rd7 29. Rxd7+ Kxd7 30. Ra7+ Ke8 31. a4 Rc4 32. b3 Rf4 33. a5 Kd8 34. a6 Kc8 35. Re7 Kb8 36. Rb7+ Ka8 37. b4 Rxf2 38. b5 Rf5 39. Kb2 Rc5 40. Kb3 f5 41. c4 f4 42. Re7 f3 43. b6 Kb8 44. Re8+ Rc8 45. a7+ Kb7 46. Rxc8 1-0


[Site "https://www.chess.com"]

[Event "Titled Tuesday Blitz April 12 Late 2022"]
[White "Ambartsumova, Karina"]
[Black "Rustemov, Alexander"]
[WhiteFideId "4166299"]
[BlackFideId "4119002"]
[WhiteElo "2262"]
[BlackElo "2782"]
[Result "1-0"]
[Round "07"]
[TimeControl "180+1"]
[Date "2022.04.12"]
[WhiteClock "0:00:17"]
[BlackClock "0:00:02"]

1. d4 d5 2. Nf3 Nf6 3. c4 c6 4. g3 dxc4 5. Bg2 b5 6. Ne5 Bb7 7. O-O e6 8. Nc3 a6 9. a4 Qb6 10. Bf4 Be7 11. Ne4 O-O 12. a5 Qd8 13. Nc5 Qc8 14. Qc2 Rd8 15. Rfd1 Nd5 16. Bd2 Ra7 17. e4 Nf6 18. Bc3 Ba8 19. Bh3 Nbd7 20. Nxf7 Kxf7 21. Bxe6+ Kf8 22. e5 Qc7 23. Nxd7+ Rxd7 24. exf6 Bxf6 25. Qxh7 Ke7 26. Bxd7 Qxd7 27. Qg8 Kd6 28. Bb4+ Kc7 29. Bc5 Qd8 30. Bb6+ 1-0


[Site "https://www.chess.com"]

[Event "Titled Tuesday Blitz April 12 Late 2022"]
[White "Antonova, Nadezhda"]
[Black "Petrovic, Aleksa"]
[WhiteFideId "14700182"]
[BlackFideId "967629"]
[WhiteElo "1789"]
[BlackElo "2198"]
[Result "0-1"]
[Round "07"]
[TimeControl "180+1"]
[Date "2022.04.13"]
[WhiteClock "0:00:01"]
[BlackClock "0:00:03"]

1. Nf3 g6 2. d4 Nf6 3. b3 c5 4. dxc5 Qa5+ 5. Bd2 Qxc5 6. c3 Bg7 7. e3 Ne4 8. Be2 Nxc3 9. Nxc3 O-O 10. Rc1 Qa5 11. O-O Nc6 12. Bc4 e6 13. h3 Qd8 14. Be2 a6 15. Ne4 d5 16. Nc5 b6 17. Nd3 Bb7 18. Bc3 f6 19. Nb4 Ne7 20. Nd4 Qd7 21. a4 Rfc8 22. Bb2 a5 23. Bb5 Qd6 24. Nd3 e5 25. Ne2 Nc6 26. Nc3 Nb4 27. Nxb4 axb4 28. Na2 Rxc1 29. Qxc1 Rc8 30. Qd2 Bf8 31. Rd1 d4 32. exd4 Qd5 33. f3 Qxb3 34. Nc1 Qd5 35. dxe5 Bc5+ 36. Kh1 Qxd2 37. Rxd2 Be3 38. Rd1 Rc2 39. exf6 Kf7 40. Nd3 Bd5 41. Nxb4 Rxb2 42. Nxd5 Bc5 43. Nc7 Kxf6 44. Nd5+ Kf5 45. Ne3+ Bxe3 46. g4+ Kf4 47. Bc6 Kg3 48. f4 Rh2# 0-1


[Site "https://www.chess.com"]

[Event "Titled Tuesday Blitz April 12 Late 2022"]
[White "Ashiev, Eduard"]
[Black "Kalavannan, Koby"]
[WhiteFideId "4130090"]
[BlackFideId "425753"]
[WhiteElo "2004"]
[BlackElo "1927"]
[Result "0-1"]
[Round "07"]
[TimeControl "180+1"]
[Date "2022.04.13"]
[WhiteClock "0:00:11"]
[BlackClock "0:00:51"]

1. d4 Nf6 2. c4 g6 3. Nc3 Bg7 4. e4 d6 5. Nf3 O-O 6. h3 c5 7. d5 e6 8. Bd3 exd5 9. cxd5 Re8 10. O-O c4 11. Bc2 b5 12. a3 a5 13. Re1 Ba6 14. Bg5 b4 15. axb4 axb4 16. Nb5 Qb6 17. Nbd4 b3 18. Bb1 Nbd7 19. Nc6 Bb7 20. Rxa8 Bxa8 21. Be3 Qc7 22. Bd4 Bxc6 23. dxc6 Qxc6 24. Bc3 Nxe4 25. Bxg7 Kxg7 26. Qd4+ Ndf6 27. g4 Ng5 28. Nxg5 Rxe1+ 29. Kh2 Qh1+ 30. Kg3 Rg1+ 31. Kh4 h6 0-1


[Site "https://www.chess.com"]

[Event "Titled Tuesday Blitz April 12 Late 2022"]
[White "Bachmann, Axel"]
[Black "Koziorowicz, Michal"]
[WhiteFideId "3700488"]
[BlackFideId "21809194"]
[WhiteElo "2487"]
[BlackElo "2625"]
[Result "0-1"]
[Round "07"]
[TimeControl "180+1"]
[Date "2022.04.13"]
[WhiteClock "0:00:07"]
[BlackClock "0:01:23"]

1. d4 e5 2. dxe5 Nc6 3. Nf3 Qe7 4. Bg5 Qb4+ 5. Nc3 Qxb2 6. Bd2 Bb4 7. Rb1 Qa3 8. Rb3 Qa5 9. e4 Nge7 10. Nd5 Bxd2+ 11. Qxd2 Qxd2+ 12. Kxd2 Kd8 13. Bd3 Ng6 14. Ng5 Ngxe5 15. f4 h6 16. Nf3 Nxf3+ 17. gxf3 Nd4 18. Rbb1 Nxf3+ 19. Ke3 Nh4 20. f5 g5 21. Rhg1 c6 22. Nf6 d6 23. a4 Ke7 24. Ng4 f6 25. a5 Rb8 26. Rb2 h5 27. Nf2 Kd7 28. Rgb1 Ng2+ 29. Kd2 Nf4 30. Ba6 Kc7 31. Nd3 Nxd3 32. cxd3 Re8 33. Bc4 b5 34. Bf7 Rh8 35. Rg1 Bd7 36. Rc1 a6 37. Bd5 Rbc8 38. Rbc2 Kb7 39. Bf7 c5 40. Ke3 Bc6 41. Be6 Rc7 42. Rb1 g4 43. d4 cxd4+ 44. Kxd4 h4 45. Rbc1 g3 46. hxg3 hxg3 47. Bd5 Rhc8 48. Ke3 Bxd5 49. Rxc7+ Rxc7 50. Rxc7+ Kxc7 51. exd5 b4 52. Kf3 b3 53. Kxg3 b2 0-1


[Site "https://www.chess.com"]

[Event "Titled Tuesday Blitz April 12 Late 2022"]
[White "Barria Zuniga, Daniel"]
[Black "Janturin, Artur"]
[WhiteFideId "3400816"]
[BlackFideId "4130022"]
[WhiteElo "2414"]
[BlackElo "2362"]
[Result "1-0"]
[Round "07"]
[TimeControl "180+1"]
[Date "2022.04.13"]
[WhiteClock "0:00:26"]
[BlackClock "0:00:20"]

1. d4 e6 2. c4 b6 3. Nf3 Bb7 4. g3 Bb4+ 5. Nbd2 Bxf3 6. exf3 Nf6 7. a3 Bxd2+ 8. Bxd2 d5 9. c5 O-O 10. Rc1 bxc5 11. dxc5 c6 12. b4 Nbd7 13. Ba6 Qc7 14. O-O e5 15. Re1 Rae8 16. Qa4 d4 17. Bd3 Nd5 18. b5 Rc8 19. bxc6 Nb8 20. Be4 Rfd8 21. Ba5 Qxc6 22. Qxc6 Nxc6 23. Bxd8 Rxd8 24. f4 f6 25. fxe5 fxe5 26. Rb1 Na5 27. Rb5 Nc4 28. c6 Nc3 29. Rc5 Nd2 30. c7 Rc8 31. Bb7 Na4 32. Bxc8 Nxc5 33. Be6+ Nxe6 34. c8=Q+ 1-0


[Site "https://www.chess.com"]

[Event "Titled Tuesday Blitz April 12 Late 2022"]
[White "Bilan, Danila"]
[Black "Guzman Moneo, Alberto"]
[WhiteFideId "24161918"]
[BlackFideId "2209616"]
[WhiteElo "2164"]
[BlackElo "2157"]
[Result "1/2-1/2"]
[Round "07"]
[TimeControl "180+1"]
[Date "2022.04.13"]
[WhiteClock "0:00:14"]
[BlackClock "0:00:24"]

1. d4 Nf6 2. Nf3 c5 3. e3 g6 4. Be2 Bg7 5. O-O b6 6. b3 d6 7. Bb2 O-O 8. c4 cxd4 9. Nxd4 Bb7 10. Nc3 Nbd7 11. Bf3 Bxf3 12. Qxf3 a6 13. Rac1 Nc5 14. Rfd1 Qd7 15. h3 Rac8 16. Rc2 Qb7 17. Qxb7 Nxb7 18. Rdc1 Nc5 19. Nd5 Nxd5 20. cxd5 a5 21. a3 Ra8 22. b4 axb4 23. axb4 Nd3 24. Rd1 Nxb2 25. Rxb2 Rfc8 26. Rb3 Bxd4 27. Rxd4 Rc2 28. Rbd3 Ra1+ 29. Rd1 Rxd1+ 30. Rxd1 b5 31. Rd4 f5 32. g4 Kf7 33. gxf5 gxf5 34. Kg2 Kf6 35. Kg3 Ke5 36. f4+ Kf6 37. Kf3 Rh2 38. Kg3 Rc2 39. Rd3 Rc4 40. Rb3 e6 41. dxe6 Kxe6 42. Kf3 Kd5 43. Rd3+ Kc6 44. Rb3 Kd5 45. Rd3+ Kc6 46. Rb3 Kd5 1/2-1/2


[Site "https://www.chess.com"]

[Event "Titled Tuesday Blitz April 12 Late 2022"]
[White "Bluebaum, Matthias"]
[Black "Seo, Jung Min"]
[WhiteFideId "24651516"]
[BlackFideId "1734687"]
[WhiteElo "2550"]
[BlackElo "2401"]
[Result "1-0"]
[Round "07"]
[TimeControl "180+1"]
[Date "2022.04.12"]
[WhiteClock "0:01:14"]
[BlackClock "0:00:24"]

1. b3 b6 2. Bb2 Bb7 3. Nf3 Nf6 4. g3 g6 5. Bg2 Bg7 6. c4 O-O 7. O-O e6 8. d4 c5 9. dxc5 bxc5 10. Nc3 Qe7 11. Na4 d6 12. Qc2 Nbd7 13. Rad1 Be4 14. Qc1 Nb6 15. Nc3 Bc6 16. Qa1 Rfd8 17. Rd2 Ne4 18. Nxe4 Bxb2 19. Qxb2 Bxe4 20. Rfd1 a5 21. Qc3 d5 22. Ne5 Bxg2 23. Kxg2 d4 24. Qf3 Rac8 25. Nc6 Qc7 26. Nxd8 Rxd8 27. e3 e5 28. exd4 cxd4 29. Qf6 Nd7 30. Qe7 Qc8 31. f4 Re8 32. Qd6 exf4 33. Qxd4 Ne5 34. Qxe5 Rxe5 35. Rd8+ Qxd8 36. Rxd8+ Kg7 37. Kf3 fxg3 38. hxg3 Kf6 39. a3 Rc5 40. Rd4 Ke5 41. Ke3 f5 42. b4 axb4 43. axb4 Rc8 44. b5 Rc5 45. b6 Rc6 46. b7 Rb6 47. Rd5+ Ke6 48. Rb5 1-0


[Site "https://www.chess.com"]

[Event "Titled Tuesday Blitz April 12 Late 2022"]
[White "Caruana, Fabiano"]
[Black "Tari, Aryan"]
[WhiteFideId "2020009"]
[BlackFideId "1510045"]
[WhiteElo "2744"]
[BlackElo "2567"]
[Result "1-0"]
[Round "07"]
[TimeControl "180+1"]
[Date "2022.04.12"]
[WhiteClock "0:00:15"]
[BlackClock "0:00:06"]

1. e4 c6 2. d4 d5 3. e5 Bf5 4. Nf3 e6 5. Be2 Ne7 6. O-O c5 7. c3 Nec6 8. Be3 Nd7 9. a3 Be7 10. b4 cxd4 11. cxd4 a6 12. Nc3 O-O 13. Nd2 Rc8 14. Rc1 b5 15. Nb3 a5 16. Bxb5 axb4 17. Na2 Qb6 18. Bxc6 Rxc6 19. Rxc6 Qxc6 20. Nxb4 Qa4 21. Nc5 Nxc5 22. dxc5 Qxa3 23. Qd2 Rc8 24. Rc1 h6 25. h3 Bd8 26. Qd4 Bg5 27. Bxg5 hxg5 28. Ra1 Qb3 29. c6 Qc4 30. Qxc4 dxc4 31. Ra5 Be4 32. Rc5 Bd5 33. f3 Kf8 34. Kf2 Ke7 35. Ke3 Rd8 36. c7 Rc8 37. Nxd5+ exd5 38. Kd4 Kd7 39. Kxd5 Rxc7 40. Rxc7+ Kxc7 41. Kxc4 Kd7 42. Kd5 Ke7 43. g3 g6 44. f4 gxf4 45. gxf4 Kd7 46. Ke4 Ke6 47. h4 f6 48. Kd4 1-0


[Site "https://www.chess.com"]

[Event "Titled Tuesday Blitz April 12 Late 2022"]
[White "Curtis, John"]
[Black "Prohorov, Olexandr"]
[WhiteFideId "3200256"]
[BlackFideId "14105578"]
[WhiteElo "2203"]
[BlackElo "1993"]
[Result "1-0"]
[Round "07"]
[TimeControl "180+1"]
[Date "2022.04.13"]
[WhiteClock "0:00:16"]
[BlackClock "0:00:01"]

1. c4 Nf6 2. Nf3 g6 3. g3 Bg7 4. Bg2 O-O 5. O-O c5 6. Nc3 Nc6 7. d4 cxd4 8. Nxd4 d6 9. Nxc6 bxc6 10. Bxc6 Rb8 11. Bg2 Be6 12. b3 Qd7 13. Bd2 d5 14. cxd5 Nxd5 15. Rc1 Nb4 16. a3 Bxc3 17. Rxc3 Rfd8 18. axb4 Qxd2 19. Qxd2 Rxd2 20. Rc7 Rxe2 21. Rxe7 Ra2 22. Rd1 Rxb4 23. Bd5 Kf8 24. Rc7 Bxd5 25. Rxd5 Rxb3 26. Rd8+ Kg7 27. Rd1 Rf3 28. Rf1 a5 29. Kg2 Rd3 30. Ra7 a4 31. h4 h5 32. Re1 Rdd2 33. Rf1 a3 34. Ra4 Rd6 35. Re1 Rf6 36. Rf1 Rc6 37. Re1 Rc3 38. Ree4 Rd2 39. Rf4 a2 40. Ra7 Rc1 41. Rfxf7+ Kg8 42. Rfb7 Rc8 43. Rg7+ Kf8 44. Rh7 Kg8 45. Rag7+ Kf8 46. Ra7 Kg8 47. Rhb7 a1=Q 48. Rxa1 Rdc2 49. Raa7 Rd8 50. Rg7+ Kf8 51. Rxg6 Rdd2 52. Rf6+ Ke8 53. Rf4 Kd8 54. Ra5 Ke8 55. Rxh5 Ke7 56. Rg5 Ke6 57. h5 Rd7 58. Rg6+ 1-0


[Site "https://www.chess.com"]

[Event "Titled Tuesday Blitz April 12 Late 2022"]
[White "Dahlgren, James Allen"]
[Black "Omariev, Maksim"]
[WhiteFideId "22256873"]
[BlackFideId "4193423"]
[WhiteElo "2091"]
[BlackElo "2498"]
[Result "0-1"]
[Round "07"]
[TimeControl "180+1"]
[Date "2022.04.13"]
[WhiteClock "0:00:04"]
[BlackClock "0:00:33"]

1. d3 d5 2. f4 c5 3. Nf3 Nc6 4. Nc3 Nf6 5. e4 dxe4 6. dxe4 Qxd1+ 7. Kxd1 Bg4 8. Be3 O-O-O+ 9. Ke1 e6 10. e5 Nd5 11. Nxd5 exd5 12. Bb5 Bxf3 13. gxf3 Nb4 14. Ba4 b5 15. Bb3 c4 16. a3 Nc6 17. Ba2 d4 18. Bf2 Bc5 19. b4 Bb6 20. Kd2 Rhe8 21. Rhg1 g6 22. Rg3 Rd7 23. Rh3 f6 24. exf6 Rf8 25. Bh4 h6 26. a4 a6 27. axb5 axb5 28. Rb1 Bc7 29. Bg3 h5 30. f5 gxf5 31. Rxh5 Rxf6 32. Bxc7 Kxc7 33. Re1 Rg7 34. c3 d3 35. Bb1 Rg2+ 36. Kd1 Kd6 37. h4 Ne5 38. Rg5 Rh2 0-1


[Site "https://www.chess.com"]

[Event "Titled Tuesday Blitz April 12 Late 2022"]
[White "Dauner, Benedikt"]
[Black "Leitao, Rafael"]
[WhiteFideId "16225899"]
[BlackFideId "2101246"]
[WhiteElo "2514"]
[BlackElo "2683"]
[Result "0-1"]
[Round "07"]
[TimeControl "180+1"]
[Date "2022.04.13"]
[WhiteClock "0:00:02"]
[BlackClock "0:00:09"]

1. d4 Nf6 2. Nf3 e6 3. Bf4 c5 4. c3 b6 5. Nbd2 Bb7 6. Nc4 d5 7. Nce5 Be7 8. e3 O-O 9. Bd3 Ne4 10. Nd2 f6 11. Nef3 Nd7 12. Qc2 f5 13. h4 Rc8 14. h5 a6 15. Ne5 Nxe5 16. Bxe5 Bf6 17. Nf3 b5 18. h6 g6 19. Bxf6 Qxf6 20. Ne5 Rc7 21. f4 Nd6 22. g4 Rfc8 23. gxf5 exf5 24. Kf2 b4 25. Qe2 a5 26. Rag1 bxc3 27. bxc3 cxd4 28. cxd4 Ne4+ 29. Bxe4 dxe4 30. Rd1 Bd5 31. Rd2 Kh8 32. Rb1 g5 33. Qh5 gxf4 34. exf4 Rg8 35. Rg1 e3+ 36. Kxe3 Rxg1 37. Rb2 Rg8 38. Rb5 Qd6 39. Qh4 Qa3+ 40. Rb3 Qe7 41. Qf2 Bxb3 42. axb3 Rc3+ 43. Kd2 Rgc8 44. d5 Rc2+ 45. Ke3 Rxf2 46. Kxf2 Qc5+ 47. Ke2 Qxd5 48. Ng6+ hxg6 0-1


[Site "https://www.chess.com"]

[Event "Titled Tuesday Blitz April 12 Late 2022"]
[White "Djokic, Mihailo"]
[Black "De Souza, Cristiano Gomes"]
[WhiteFideId "976440"]
[BlackFideId "2151758"]
[WhiteElo "2202"]
[BlackElo "2068"]
[Result "1-0"]
[Round "07"]
[TimeControl "180+1"]
[Date "2022.04.13"]
[WhiteClock "0:02:19"]
[BlackClock "0:01:59"]

1. e4 c5 2. Nf3 d6 3. d4 cxd4 4. Nxd4 Nf6 5. Nc3 a6 6. Rg1 e5 7. Nb3 Be6 8. g4 h6 9. h4 Nc6 10. g5 hxg5 11. hxg5 Nd7 12. Be3 Nb6 13. Nd5 Bxd5 14. exd5 Ne7 15. c4 Nf5 16. Bd2 Rc8 17. Rc1 g6 18. Bd3 Nh4 19. Qg4 Bg7 20. Rh1 Nf5 21. Rxh8+ Bxh8 22. Bxf5 gxf5 23. Qxf5 Nxc4 24. g6 Qd7 25. gxf7+ Kf8 26. Qxd7 1-0


[Site "https://www.chess.com"]

[Event "Titled Tuesday Blitz April 12 Late 2022"]
[White "Esipenko, Andrey"]
[Black "Korchmar, Vasiliy"]
[WhiteFideId "24175439"]
[BlackFideId "24131750"]
[WhiteElo "2617"]
[BlackElo "2370"]
[Result "0-1"]
[Round "07"]
[TimeControl "180+1"]
[Date "2022.04.12"]
[WhiteClock "0:00:09"]
[BlackClock "0:00:07"]

1. d4 d5 2. c4 c6 3. Nf3 Nf6 4. Nc3 a6 5. c5 Bf5 6. h3 h6 7. Bf4 e6 8. e3 Nbd7 9. Be2 Be7 10. O-O O-O 11. b4 Re8 12. Bd3 Bxd3 13. Qxd3 Qc8 14. a4 Bd8 15. b5 Bc7 16. b6 Bb8 17. Ne5 Bxe5 18. Bxe5 Nxe5 19. dxe5 Nd7 20. Qd4 Qb8 21. f4 f6 22. exf6 Nxf6 23. Ne2 e5 24. Qd3 Ne4 25. Rac1 Qd8 26. fxe5 Rxe5 27. Nd4 Qd7 28. Rf4 Rae8 29. Nf3 R5e6 30. Qd4 Qe7 31. Nh4 Ng3 32. Re1 Rxe3 33. Rxe3 Qxe3+ 34. Qxe3 Rxe3 35. Kf2 Rc3 36. Ng6 Ne4+ 37. Kg1 Nxc5 38. Ne7+ Kh7 39. h4 Rc1+ 40. Kh2 Rc4 41. Rf7 Rxh4+ 42. Kg3 Rxa4 43. Nf5 Kg6 44. Nd6 Ra3+ 45. Kf4 Ra4+ 46. Ke5 Nd3+ 47. Ke6 Nc5+ 48. Ke7 Rb4 49. Kf8 Rb2 50. Rxg7+ Kh5 51. Rf7 Kh4 52. Rf3 Rxg2 53. Rc3 Ne4 54. Nxe4 dxe4 55. Rc4 Rg4 56. Ke7 e3 57. Rc1 Re4+ 58. Kd6 e2 59. Re1 Kg3 60. Kc7 Kf2 61. Rxe2+ Kxe2 62. Kxb7 Rb4 63. Kxc6 Rxb6+ 64. Kxb6 h5 65. Kxa6 h4 0-1


[Site "https://www.chess.com"]

[Event "Titled Tuesday Blitz April 12 Late 2022"]
[White "Estrada Nieto, Julian"]
[Black "Broca Jimenez, Fernando"]
[WhiteFideId "5101018"]
[BlackFideId "5104742"]
[WhiteElo "2252"]
[BlackElo "2062"]
[Result "0-1"]
[Round "07"]
[TimeControl "180+1"]
[Date "2022.04.13"]
[WhiteClock "0:01:27"]
[BlackClock "0:00:27"]

1. e4 c5 2. Nf3 g6 3. c3 Bg7 4. d4 cxd4 5. cxd4 d5 6. e5 Bg4 7. Bb5+ Nc6 8. Bxc6+ bxc6 9. O-O e6 10. Nbd2 Ne7 11. h3 Bxf3 12. Nxf3 O-O 13. b3 Qb6 14. Ba3 Rfe8 15. Bc5 Qb7 16. Rc1 Nf5 17. Qd3 Bf8 18. g4 Ng7 19. Bxf8 Rxf8 20. Qe3 f5 21. Qh6 fxg4 22. Ng5 Nf5 23. Qxh7+ Qxh7 24. Nxh7 Kxh7 25. Rxc6 Nxd4 26. Rc7+ Kh6 27. hxg4 Kg5 28. Kg2 Kxg4 29. Rg7 g5 30. Rc1 Rf5 31. Rc3 Rf3 32. Rxf3 Nxf3 33. Rg6 Nh4+ 0-1


[Site "https://www.chess.com"]

[Event "Titled Tuesday Blitz April 12 Late 2022"]
[White "Gharibyan, Mamikon"]
[Black "Lewicki, Miroslaw"]
[WhiteFideId "13308300"]
[BlackFideId "1113380"]
[WhiteElo "2740"]
[BlackElo "2544"]
[Result "1-0"]
[Round "07"]
[TimeControl "180+1"]
[Date "2022.04.13"]
[WhiteClock "0:00:08"]
[BlackClock "0:00:02"]

1. e4 c5 2. Nf3 d6 3. d4 cxd4 4. Qxd4 Bd7 5. Be2 Nc6 6. Qe3 Nf6 7. O-O g6 8. h3 Bg7 9. Rd1 O-O 10. Nc3 a6 11. Bd2 b5 12. a4 b4 13. Nd5 a5 14. c3 bxc3 15. Bxc3 Nh5 16. Bxg7 Nxg7 17. Bc4 Rb8 18. b3 Ne6 19. Qh6 Ne5 20. Nxe5 dxe5 21. h4 Kh8 22. h5 g5 23. Ne3 Rb6 24. Ng4 f6 25. Bxe6 Rxe6 26. Ne3 Rd6 27. Rxd6 exd6 28. Rd1 Be6 29. Nc4 Bxc4 30. bxc4 Qe7 31. Rd5 Ra8 32. g3 Kg8 33. Rd3 Qe6 34. Rf3 Rf8 35. Rf5 Rf7 36. Rxg5+ Kh8 37. Rf5 Qxc4 38. Rxf6 Rxf6 39. Qxf6+ Kg8 40. h6 Qc7 41. Kg2 Qd7 42. Kh2 Qc7 43. Kh3 Qd7+ 44. Kh4 Qc7 45. f4 exf4 46. gxf4 Qd7 47. Kg5 d5 48. e5 d4 49. e6 Qd5+ 50. f5 Qg2+ 51. Kf4 Qf2+ 52. Ke4 Qe3+ 53. Kd5 Qb3+ 54. Ke5 Qe3+ 55. Kd6 Qa3+ 56. Kd7 Qxa4+ 57. Kd8 1-0


[Site "https://www.chess.com"]

[Event "Titled Tuesday Blitz April 12 Late 2022"]
[White "Goryachkina, Aleksandra"]
[Black "Demchenko, Anton"]
[WhiteFideId "4147103"]
[BlackFideId "4160258"]
[WhiteElo "2426"]
[BlackElo "2539"]
[Result "1-0"]
[Round "07"]
[TimeControl "180+1"]
[Date "2022.04.12"]
[WhiteClock "0:00:08"]
[BlackClock "0:00:09"]

1. e4 e5 2. Nf3 Nc6 3. d4 exd4 4. Bc4 Nf6 5. O-O Nxe4 6. Re1 d5 7. Bxd5 Qxd5 8. Nc3 Qh5 9. Nxe4 Be6 10. Bg5 h6 11. Bf6 Qg6 12. Nh4 Qh7 13. Qh5 Kd7 14. Rad1 Re8 15. Bxd4 Kc8 16. Bc3 b6 17. Qf3 Nb8 18. Ng3 Rg8 19. Nhf5 Qg6 20. Nd4 Bc5 21. Nb5 c6 22. Nd6+ Bxd6 23. Rxd6 Kb7 24. h3 Rd8 25. Red1 Rxd6 26. Rxd6 Qxc2 27. Rxe6 fxe6 28. Qf7+ Nd7 29. Qxd7+ Ka6 30. Qxc6 Qb1+ 31. Kh2 Qxa2 32. Ne4 Qd5 33. Qa4+ Kb7 34. f3 a5 35. Qc2 Rc8 36. Qf2 Rc7 37. Qg3 a4 38. Bxg7 b5 39. Be5 Rd7 40. Nf6 Qc6 41. Nxd7 Qxd7 42. Qf4 Qd5 43. Qe4 Kc6 44. Qxd5+ Kxd5 45. f4 Ke4 46. g4 b4 47. Kg3 Kd5 48. h4 Ke4 49. g5 hxg5 50. hxg5 Kf5 51. Kf3 Kg6 52. Kg4 Kf7 53. Kh5 Kg8 54. Kh6 Kf8 55. Kh7 Ke7 56. g6 Kd7 57. g7 Kc6 58. g8=Q Kd5 59. Qf7 Kc4 60. Qxe6+ Kd3 61. Qd5+ Kc2 62. Qc4+ Kb1 63. Qxb4 a3 64. bxa3+ Kc2 65. Qb2+ 1-0


[Site "https://www.chess.com"]

[Event "Titled Tuesday Blitz April 12 Late 2022"]
[White "Hardaway, Brewington"]
[Black "Bas Mas, Jose Joaquin"]
[WhiteFideId "30941849"]
[BlackFideId "22219064"]
[WhiteElo "2595"]
[BlackElo "2382"]
[Result "0-1"]
[Round "07"]
[TimeControl "180+1"]
[Date "2022.04.13"]
[WhiteClock "0:00:09"]
[BlackClock "0:00:15"]

1. Nf3 e6 2. e3 f5 3. b3 Nf6 4. Bb2 Be7 5. d4 b6 6. Bd3 Bb7 7. c4 O-O 8. d5 Ne4 9. Nd4 Bb4+ 10. Kf1 exd5 11. f3 Nd6 12. cxd5 Bxd5 13. Bc2 Bb7 14. a3 Bc5 15. b4 Bxd4 16. Qxd4 Qe7 17. Nc3 Nc6 18. Qf4 Ne5 19. Bb3+ Kh8 20. Rd1 Rae8 21. Nd5 Bxd5 22. Rxd5 Ng6 23. Qd4 Rf6 24. Qd2 Re6 25. Bc1 Ne5 26. Rd4 Rg6 27. Bb2 Nc6 28. Rd3 Qg5 29. h4 Qh5 30. Rd5 Rge6 31. Kf2 Qh6 32. Rd3 Ne5 33. Rd5 Nec4 34. Bxc4 Nxc4 35. Qd4 Nxb2 36. Rxd7 Qxe3+ 37. Qxe3 Rxe3 38. h5 Re2+ 39. Kg3 Nc4 40. h6 R2e7 41. hxg7+ Rxg7+ 42. Rxg7 Kxg7 43. Rc1 b5 44. a4 c6 45. axb5 cxb5 46. Ra1 Re7 47. Kf4 Kf6 48. Ra6+ Re6 49. Rxa7 Kg6 50. Rb7 Nd6 51. Rb6 Rf6 52. Rb8 h6 53. Rg8+ Kf7 54. Ra8 Ke6 55. Ra6 Kd5 56. Ke3 Nc4+ 0-1


[Site "https://www.chess.com"]